 Dungeon Crawl Stone Soup version 0.29-a0-330-g52719c12eb (webtiles) character file.

Game seed: 11579593492634655970

9786 kae the Arsonist (level 11, -8/72 HPs)
             Began as an Octopode Fire Elementalist on Apr 18, 2022.
             Was an Initiate of Ashenzari.
             Mangled by a cane toad (17 damage)
             ... on level 1 of the Lair of Beasts.
             The game lasted 00:11:58 (15772 turns).

kae the Arsonist (Octopode Fire Elementalist)      Turns: 15772, Time: 00:11:59

Health: -8/72      AC:  1    Str:  7    XL:     11   Next: 51%
Magic:  5/20       EV: 15    Int: 21    God:    Ashenzari [......]
Gold:   724        SH:  5    Dex: 14    Spells: 6/22 levels left

rFire   . . .      SeeInvis .   (no weapon)
rCold   + . .      Faith    .   f - +0 buckler
rNeg    + . .      Spirit   .   (helmet restricted)
rPois   .          Reflect  .   o - amulet of regeneration
rElec   .          Harm     .   g - ring of positive energy
rCorr   .          Rampage  .   j - ring "Chained Panentheism" {Slay+4, Melee, Evo} (curse)
Will    .....                   y - ring of protection from cold
Stlth   +++++.....              (no ring)
HPRegen 1.02/turn               (no ring)
MPRegen 0.17/turn               (no ring)
                                (no ring)
                                (no ring)

@: lethally poisoned (-8 -> -9)
A: almost no armour, amphibious, 8 rings, camouflage 1, gelatinous body 1,
(nimble swimmer 1), tentacles
a: Renounce Religion, Curse Item, Shatter the Chains


You were on level 1 of the Lair of Beasts.
You worshipped Ashenzari.
Ashenzari was noncommittal.
You visited 3 branches of the dungeon, and saw 14 of its levels.
You also visited: Sewer.

You collected 750 gold pieces.
You spent 26 gold pieces at shops.

Inventory:

Hand Weapons
 e - a +2 antimagic falchion
Missiles
 x - a throwing net
Armour
 f - a +0 buckler (worn)
Jewellery
 g - a ring of positive energy (left tentacle)
 j - the cursed ring "Chained Panentheism" (right tentacle) {Slay+4, Melee, Evo}
   (You found it on level 4 of the Dungeon)

   [ring of slaying]

   Slay:      It affects your accuracy & damage with ranged weapons and melee
   (+4).
   It has a curse which improves the following skills: Melee Combat: Short
   Blades, Long Blades, Axes, Maces & Flails, Polearms, Staves and Unarmed
   Combat.
   Evocations: Evocations.
 o - an amulet of regeneration (around mantle)
 y - a ring of protection from cold (on tentacle)
Wands
 c - a wand of mindburst (39)
 h - a wand of iceblast (15)
 v - a wand of polymorph (14)
Scrolls
 d - 10 scrolls of teleportation
 i - 3 scrolls of magic mapping
 p - a scroll of brand weapon
 q - 3 scrolls of enchant armour
 t - 2 scrolls of identify
 u - a scroll of vulnerability
 z - 2 scrolls of enchant weapon
 D - a scroll of torment
Potions
 a - 2 potions of magic
 b - 3 potions of flight
 k - 2 potions of mutation {unknown}
 l - 7 potions of curing
 m - 2 potions of lignification
 n - 3 potions of haste
 r - 5 potions of heal wounds
 s - 2 potions of attraction
 w - 3 potions of berserk rage {unknown}
 A - 2 potions of brilliance
 B - a potion of cancellation {unknown}
 C - a potion of might


   Skills:
 + Level 6.1 Fighting
 + Level 6.5 Dodging
 + Level 9.3 Stealth
 + Level 5.9 Shields
 + Level 6.0 Spellcasting
 + Level 6.2 Conjurations
 * Level 9.6 Fire Magic
 + Level 1.0 Air Magic
 + Level 1.2(1.5) Evocations


You had 6 spell levels left.
You knew the following spells:

 Your Spells              Type           Power      Damage    Failure   Level
a - Foxfire               Conj/Fire      100%       2x1d9     1%          1
b - Scorch                Fire           92%        2d10      1%          2
c - Conjure Flame         Conj/Fire      39%        6-21      1%          3
d - Inner Flame           Hex/Fire       26%        N/A       5%          3
e - Flame Wave            Conj/Fire      39%        2d9       4%          4
f - Swiftness             Air            10%        N/A       24%         3

Your spell library contained the following spells:

 Spells                   Type           Power      Damage    Failure   Level
 Beastly Appendage        Tmut           12%        N/A       12%         1
 Ensorcelled Hibernation  Hex/Ice        12%        N/A       19%         2
 Passwall                 Tmut/Erth      5%         N/A       19%         2
 Sublimation of Blood     Necr           6%         N/A       19%         2
 Wereblood                Tmut           6%         N/A       19%         2
 Spider Form              Tmut/Pois      6%         N/A       36%         3
 Tukima's Dance           Hex            6%         N/A       36%         3
 Irradiate                Conj/Tmut      9%         3d16      67%         5
 Passage of Golubria      Tloc           6%         N/A       77%         4
 Petrify                  Tmut/Erth      6%         N/A       77%         4
 Freezing Cloud           Conj/Ice/Air   8%         6-21      77%         5
 Silence                  Hex/Air        4%         N/A       95%         5
 Summon Forest            Summ/Tloc      3%         N/A       98%         5
 Yara's Violent Unravell  Hex/Tmut       3%         3d4       98%         5
 Eringya's Noxious Bog    Tmut/Pois      3%         N/A       100%        6
 Simulacrum               Ice/Necr       3%         N/A       100%        6
 Summon Hydra             Summ           3%         N/A       100%        7
 Lehudib's Crystal Spear  Conj/Erth      9%         10d4      100%        8
 Polar Vortex             Ice            3%         N/A       100%        9


Dungeon Overview and Level Annotations

Branches:
Dungeon (12/15)            Temple (1/1) D:7            Lair (1/6) D:9
    Orc (0/2) D:10          Sewer (visited)

Altars:
Ashenzari
Cheibriados
Dithmenos
Elyvilon
Fedhas
Gozag
Hepliaklqana
Kikubaaqudgha
Makhleb
Nemelex Xobeh
Okawaru
Qazlal
Ru
Sif Muna
Trog
Uskayaw
Vehumet
Wu Jian
Xom
Yredelemnul
Zin
The Shining One

Shops:
D:9 (??   D:11 *

Annotations:
D:3 exclusion: scorpion
D:8 Erica
D:9 exclusion: lava snake
D:10 exclusions: door and 2 yaks
D:12 exclusions: deep elf pyromancer and 2 doors


Innate Abilities, Weirdness & Mutations

You cannot wear most types of armour.
You are amphibious.
You can wear up to eight rings at the same time.
Your skin changes colour to match your surroundings (Stealth+).
Your rubbery body absorbs attacks. (AC +1, EV +1)
((You are camouflaged when in or above water. (Stealth+)))
You have tentacles for arms and can constrict up to eight enemies at once.


Message History

Confirm with . or Enter, or press ? or * to list all spells.
Flames lash the cane toad.
The cane toad is burned terribly!
You kill the cane toad!
You feel very sick.
Your Air Magic skill increases to level 1!
You feel very sick.
Casting: Scorch (safe; 1% risk of failure)
Confirm with . or Enter, or press ? or * to list all spells.
Flames lash the cane toad.
The cane toad is lightly wounded.
The cane toad's fire resistance burns away.
You feel very sick. The cane toad stings you.
You feel very sick. The cane toad closely misses you.
Casting: Scorch (safe; 1% risk of failure)
Confirm with . or Enter, or press ? or * to list all spells.
Flames lash the cane toad.
The cane toad is burned terribly!
The cane toad is moderately wounded.
You feel sick. The cane toad completely misses you.
You feel sick. The cane toad stings you. The cane toad barely misses you.
Casting: Scorch (safe; 1% risk of failure)
Confirm with . or Enter, or press ? or * to list all spells.
Flames lash the cane toad.
The cane toad is moderately wounded.
You feel sick. The cane toad closely misses you.
You feel sick. The cane toad closely misses you.
Casting: Scorch (safe; 1% risk of failure)
Confirm with . or Enter, or press ? or * to list all spells.
Flames lash the cane toad.
The cane toad is burned terribly!
The cane toad is almost dead.
You feel sick. The cane toad stings you!!
* * * LOW HITPOINT WARNING * * *
You feel sick. The cane toad stings you.
* * * LOW HITPOINT WARNING * * *
Casting: Scorch (safe; 1% risk of failure)
Confirm with . or Enter, or press ? or * to list all spells.
Flames lash the cane toad but do no damage.
You feel sick. The cane toad stings you!
You die...

...## .....# #...##....####......
>.⌠# ..>..# #⌠.>#.....#.........
...# .....# #...........#§#...#.
...###....# ##...##..##...######.
#....##.⌠.###...#...........# ..
##...##...##...........[.........
..#............#.................
####....^....##...#.#............
#........##..@F.#.............
##.#...####.....#.............
###.⌠.#.##..##...............
#+.+#..).## .).... # ##.#......##
...P. ##.##P.........# .....
...............# ......
.....P.......####......
.....#.P.....####...


You could see a cane toad (combustible).

Vanquished Creatures
  A hydra (Lair:1)
  3 two-headed ogres
  Pikel (D:7)
  A gargoyle (D:10)
  A cane toad (Lair:1)
  3 trolls
  A hornet (D:10)
  A wraith (D:11)
  9 yaks
  A wyvern (D:11)
  2 shadows
  A basilisk (D:11)
  An orc warrior (D:8)
  A sky beast (D:8)
  A black bear (D:5)
  2 ice beasts
  An ogre (D:5)
  3 centaurs
  A phantom (D:4)
  A lemure (D:7)
  8 kobold brigands
  10 bullfrogs
  A necrophage (D:6)
  A gnoll sergeant (D:8)
  4 scorpions
  3 wights (D:7)
  3 killer bees (D:7)
  An electric eel (D:7)
  5 jellies
  A hound (D:6)
  3 orc priests
  Ijyb (D:4)
  Natasha (thrice) (D:3)
  4 iguanas
  5 orc wizards
  4 gnolls (D:8)
  6 adders
  3 shadow imps
  A white imp (D:7)
  4 worms
  4 dart slugs
  20 orcs
  9 bats
  5 endoplasms
  6 giant cockroaches
  2 goblins
  6 hobgoblins
  7 ball pythons
  25 kobolds
  7 rats
  A butterfly (Lair:1)
199 creatures vanquished.

Vanquished Creatures (collateral kills)
  3 foxfires (Sewer)
3 creatures vanquished.

Vanquished Creatures (others)
  An orc (D:6)
  725 foxfires
  2 plants (Sewer)
728 creatures vanquished.

Grand Total: 930 creatures vanquished

Notes
Turn   | Place    | Note
-------+----------+-------------------------------------------
     0 | D:1      | kae the Octopode Fire Elementalist began the quest for the
                  | Orb.
     0 | D:1      | Reached XP level 1. HP: 11/11 MP: 3/3
   414 | D:1      | Reached XP level 2. HP: 17/17 MP: 0/5
  1097 | D:1      | Reached XP level 3. HP: 12/22 MP: 2/6
  1100 | D:1      | Learned a level 2 spell: Scorch
  1104 | D:1      | Learned a level 3 spell: Conjure Flame
  1856 | D:2      | Reached skill level 1 in Shields
  2092 | D:2      | Reached XP level 4. HP: 27/27 MP: 5/7
  2253 | D:3      | Reached skill level 1 in Fighting
  2329 | D:3      | Noticed Natasha
  2335 | D:3      | Killed Natasha
  2451 | D:3      | Noticed a scorpion
  2584 | D:3      | Found a faded altar of an unknown god.
  2584 | D:3      | Found a faded altar of an unknown god.
  2586 | D:3      | Found a hazy altar of Hepliaklqana.
  2738 | D:3      | Noticed Natasha
  2751 | D:3      | Killed Natasha
  2752 | D:3      | Reached XP level 5. HP: 27/33 MP: 0/8
  2840 | D:3      | Noticed Natasha
  2844 | D:3      | Killed Natasha
  3405 | D:4      | Noticed a phantom
  3414 | D:4      | Killed a phantom
  3415 | D:4      | Reached XP level 6. HP: 39/39 MP: 1/9
  3549 | D:4      | Learned a level 3 spell: Inner Flame
  3842 | D:4      | Noticed Ijyb
  3856 | D:4      | Killed Ijyb
  4528 | D:5      | Entered Level 5 of the Dungeon
  4536 | D:5      | Noticed a black bear
  4543 | D:5      | Killed a black bear
  4626 | D:5      | Reached XP level 7. HP: 45/45 MP: 0/11
  5044 | D:5      | Reached skill level 5 in Fire Magic
  5477 | D:5      | Reached skill level 5 in Stealth
  5477 | D:5      | Reached XP level 8. HP: 47/51 MP: 5/12
  6491 | D:6      | Found a glowing drain.
  6495 | Sewer    | Entered a sewer
  7763 | D:6      | Reached XP level 9. HP: 52/57 MP: 6/14
  7956 | D:6      | Learned a level 4 spell: Flame Wave
  8067 | D:7      | Found a staircase to the Ecumenical Temple.
  8336 | Temple   | Entered the Ecumenical Temple
  8623 | Temple   | Became a worshipper of Ashenzari the Shackled
  8732 | D:7      | Noticed a troll
  8864 | D:7      | Noticed Pikel
  8878 | D:7      | Killed Pikel
  9121 | D:7      | Killed a troll
  9122 | D:7      | Reached skill level 5 in Dodging
  9839 | D:8      | Noticed Erica
 10087 | D:8      | Reached XP level 10. HP: 62/65 MP: 9/17
 11081 | D:9      | HP: 3/65 [centaur/arrow (14)]
 11084 | D:9      | Reached skill level 5 in Conjurations
 11175 | D:9      | Found Zira's Magic Scroll Boutique.
 11224 | D:9      | Found Fiast's Magic Scroll Boutique.
 11242 | D:9      | Found Ryugehep's Weapon Boutique.
 11327 | D:9      | Reached skill level 5 in Spellcasting
 11447 | D:9      | Found a staircase to the Lair.
 11537 | D:9      | Reached skill level 5 in Fighting
 11707 | D:10     | Entered Level 10 of the Dungeon
 11876 | D:10     | Noticed a gargoyle
 11900 | D:10     | Killed a gargoyle
 11901 | D:10     | Reached skill level 5 in Shields
 12294 | D:10     | Found a staircase to the Orcish Mines.
 12625 | D:10     | Noticed a two-headed ogre
 12647 | D:10     | Killed a two-headed ogre
 13158 | D:11     | Noticed a two-headed ogre
 13172 | D:11     | Killed a two-headed ogre
 13173 | D:11     | Reached XP level 11. HP: 17/72 MP: 11/19
 13494 | D:11     | Found Xugyh's Assorted Antiques.
 13502 | D:11     | Bought a green potion for 26 gold pieces
 13731 | D:11     | Noticed a two-headed ogre
 13767 | D:11     | Killed a two-headed ogre
 14509 | D:11     | Found Xugyh's Assorted Antiques.
 15044 | D:12     | Noticed an eight-headed hydra
 15071 | D:12     | Noticed a deep elf pyromancer
 15103 | D:12     | Noticed a white ugly thing
 15197 | Lair:1   | Entered Level 1 of the Lair of Beasts
 15202 | Lair:1   | Learned a level 3 spell: Swiftness
 15218 | Lair:1   | Noticed a four-headed hydra
 15235 | Lair:1   | Killed a four-headed hydra
 15561 | Lair:1   | Reached skill level 1 in Evocations
 15763 | Lair:1   | Reached skill level 1 in Air Magic
 15772 | Lair:1   | Mangled by a cane toad

Illustrated notes

Levels and vault maps discovered:
D:1:      nagdon_arrival_double_spiral, layout_rooms
D:2:      layout_loops_ring
D:3:      layout_loops_ring, nicolae_hepliaklqana_ecumenical_no_more,
          uniq_natasha
D:4:      layout_basic, uniq_ijyb
D:5:      layout_cave_pods
D:6:      layout_loops_ring, gup_sewer_entry_spiral
D:7:      layout_basic, minmay_temple_entry_tees, dreamdust_princess_corridor,
          chequers_arboretum, fountainhead, uniq_pikel
D:8:      layout_basic, uniq_erica
D:9:      layout_big_octagon, serial_shops, nicolae_take_the_stairs,
          nicolae_diamond_shop, nicolae_shop_crystal, minmay_misc_feat_five
D:10:     layout_long_grid, david_orc_1_choice
D:11:     layout_long_grid, serial_shops,
          nicolae_shop_temple_entry_statues_fountains
D:12:     layout_roguey [special_room_orc], portal_ice_cave_entry_pillars_1
Temple:   roderic_octagonal_lattice_temple
Lair:1:   layout_misc_corridors, lemuel_fruit_fields, grunt_megastairs_5,
          lemuel_fruit_fields

Skill      XL: |  1  2  3  4  5  6  7  8  9 10 11 |
---------------+----------------------------------+-----
Stealth        | 3 4 5 6 7 8 9 |  9.3
Shields        | 1 2 3 4 5 |  5.9
Fighting       | 1 2 3 4 5 6 |  6.1
Conjurations   | 2 3 4 5 6 |  6.2
Fire Magic     | 4 5 6 7 9 |  9.6
Dodging        | 3 4 5 6 |  6.5
Spellcasting   | 3 4 5 6 |  6.0
Evocations     | 1 |  1.2
Air Magic      | 1 |  1.0

Action                   |  1- 3 |  4- 6 |  7- 9 | 10-12 || total
-------------------------+-------+-------+-------+-------++-------
Melee: Unarmed           |    25 |    14 |    20 |    33 ||    92
       Constrict         |     9 |     3 |     7 |     7 ||    26
       Tentacles         |     5 |     1 |     5 |     8 ||    19
       Punch             |     1 |       |     1 |     1 ||     3
 Cast: Foxfire           |    47 |    46 |   195 |   138 ||   426
       Scorch            |       |    17 |    56 |    76 ||   149
       Conjure Flame     |       |       |       |    15 ||    15
Invok: Curse Item        |       |       |     1 |       ||     1
Evoke: Wand              |       |       |     1 |     1 ||     2
  Use: Scroll            |       |     7 |     8 |     7 ||    22
       Potion            |       |     4 |       |       ||     4
Armor: Skin              |     7 |     2 |     9 |     4 ||    22
Dodge: Dodged            |    33 |    15 |    98 |    67 ||   213
Block: Buckler           |     3 |     1 |    19 |    26 ||    49

Table legend: (Time is in decaauts)
 A = Elapsed time spent in this place.
 B = Non-inter-level travel time spent in this place.
 C = Inter-level travel time spent in this place.
 D = Time resting spent in this place.
 E = Time spent auto-exploring this place.
 F = Levels seen in this place.
 G = Mean time per level.
                   A        B        C        D        E       F      G
               +--------+--------+--------+--------+--------+-----+--------+
         Total |  15784 |  15249 |    535 |    954 |  11801 |  15 | 1052.3 |
       Dungeon |  14252 |  13758 |    494 |    836 |  10728 |  12 | 1187.7 |
        Temple |    305 |    265 |     40 |      0 |    243 |   1 |  305.0 |
          Lair |    574 |    574 |      0 |     93 |    368 |   1 |  574.0 |
         Sewer |    651 |    651 |      0 |     25 |    462 |   1 |  651.0 |
               +--------+--------+--------+--------+--------+-----+--------+

Top non-repeatable levels by time:
    D:11: 2262 daAuts
     D:5: 1600 daAuts
     D:6: 1422 daAuts
     D:8: 1339 daAuts
     D:7: 1230 daAuts
     D:1: 1171 daAuts
     D:4: 1170 daAuts
     D:3: 1118 daAuts
    D:10: 1105 daAuts
     D:2: 1071 daAuts
     D:9: 661 daAuts
   Sewer: 651 daAuts
  Lair:1: 574 daAuts
  Temple: 305 daAuts
    D:12: 97 daAuts
